 Dungeon Crawl Stone Soup version 0.27-a0-1065-ge809cff456 (webtiles) character file.

Game seed: 18002826062889731966

11563 kae the Grappler (level 11, -6/110 HPs)
             Began as a Pale Draconian Transmuter on Apr 22, 2021.
             Was a Follower of Ashenzari.
             Mangled by a troll (10 damage)
             ... on level 10 of the Dungeon.
             The game lasted 00:12:07 (13004 turns).

kae the Grappler (Pale Draconian Transmuter)       Turns: 13004, Time: 00:12:08

Health: -6/110     AC:  6    Str: 20    XL:     11   Next: 51%
Magic:  19/20      EV: 11    Int: 16    God:    Ashenzari [*.....]
Gold:   1310       SH:  0    Dex: 11    Spells: 2/23 levels left

rFire    x . .     SeeInvis .     - Unarmed
rCold    + + +     Faith    .   (shield currently unavailable)
rNeg     . . .     Spirit   .   (armour unavailable)
rPois    +         Reflect  .   (helmet currently unavailable)
rElec    .         Harm     .   (cloak currently unavailable)
rCorr    .         Rampage  .   (gloves currently unavailable)
Will     .....                  (boots currently unavailable)
Stlth    +.........             e - amulet of Ashenzari's Augurer {Regen+, Fort, Melee} (curse)
HPRegen  1.28/turn              g - ring "Negligence of Ashenzari" {Str+6, Alch, Melee} (curse)
MPRegen  0.17/turn              q - +4 ring of slaying

@: ice-form, slowed, studying Evocations, very slow
A: freezing attack, amphibious, boosted hp, (breathe steam), AC +7, large,
unfitting armour, (cold-blooded), (steam resistance)
a: End Transformation, Renounce Religion, Curse Item, Shatter the Chains


You were on level 10 of the Dungeon.
You worshipped Ashenzari.
Ashenzari was aware of your devotion.
You were a creature of crystalline ice.
You visited 1 branch of the dungeon, and saw 10 of its levels.
You also visited: Sewer, Ossuary and Bailey.

You collected 1310 gold pieces.

Inventory:

Hand Weapons
 y - the +8 glaive of the Guard {elec, spectral, AC+5}
   (You found it in a bailey)

   Occasionally, upon striking a foe, it can discharge electrical energy and
   cause terrible harm.
   When it strikes, its spirit leaps out and fights alongside the wielder.
   It affects your AC (+5).
Missiles
 b - 8 curare-tipped darts
 p - 5 atropa-tipped darts
Armour
 G - a +0 pair of gloves (melded)
Jewellery
 e - the cursed amulet of Ashenzari's Augurer (around neck) {Regen+, Fort, Melee}
   (You found it on level 2 of the Dungeon)

   [amulet of regeneration]

   It increases your rate of health regeneration.
   It has a curse which improves the following skills: Fortitude: Shields.
   Melee Combat: Short Blades, Long Blades, Axes, Maces & Flails, Polearms,
   Staves and Unarmed Combat.
 g - the cursed ring "Negligence of Ashenzari" (left front paw) {Str+6, Alch, Melee}
   (You found it on level 3 of the Dungeon)

   [ring of strength]

   It affects your strength (+6).
   It has a curse which improves the following skills: Alchemy: Poison Magic and
   Transmutations.
   Melee Combat: Short Blades, Long Blades, Axes, Maces & Flails, Polearms,
   Staves and Unarmed Combat.
 q - a +4 ring of slaying (right front paw)
 C - an amulet of magic regeneration
 F - a +6 ring of strength
Wands
 l - a wand of iceblast (5)
 o - a wand of paralysis (16)
 w - a wand of flame (11)
 x - a wand of digging (4)
Scrolls
 h - 5 scrolls of fear
 k - 2 scrolls of fog
 n - 12 scrolls of identify
 s - 5 scrolls of enchant armour
 t - 5 scrolls of blinking
 u - 3 scrolls of teleportation
 v - 4 scrolls of amnesia
 A - 2 scrolls of brand weapon
 B - 2 scrolls of holy word
 D - 2 scrolls of enchant weapon
Potions
 a - 5 potions of heal wounds
 c - 6 potions of curing
 d - 2 potions of ambrosia
 f - 9 potions of brilliance
 i - 4 potions of flight
 j - 4 potions of might
 m - 4 potions of mutation
 r - 2 potions of berserk rage
 z - a potion of resistance
 E - a potion of invisibility


   Skills:
 + Level 7.4 Fighting
 + Level 6.4 Dodging
 * Level 10.1(11.6) Unarmed Combat
 + Level 6.5 Spellcasting
 * Level 9.9(10.9) Transmutations
 - Level 3.0 Ice Magic
 - Level 2.0(2.8) Poison Magic


You had 2 spell levels left.
You knew the following spells:

 Your Spells              Type           Power      Damage    Failure   Level
a - Beastly Appendage     Tmut           80%        N/A       1%          1
b - Spider Form           Tmut/Pois      13%        N/A       2%          3
c - Ice Form              Ice/Tmut       27%        N/A       8%          4
d - Hydra Form            Tmut           20%        N/A       4%          5
e - Summon Small Mammal   Summ           20%        N/A       13%         1
f - Dragon Form           Tmut           20%        N/A       77%         7

Your spell library contained the following spells:

 Spells                   Type           Power      Damage    Failure   Level
 Wereblood                Tmut           40%        N/A       1%          2
 Animate Skeleton         Necr           10%        N/A       13%         1
 Apportation              Tloc           10%        N/A       13%         1
 Corona                   Hex            5%         N/A       13%         1
 Pain                     Necr           20%        1d5       13%         1
 Blade Hands              Tmut           20%        N/A       22%         6
 Vampiric Draining        Necr           2%         2d6       36%         3
 Irradiate                Conj/Tmut      11%        3d17      36%         5
 Animate Dead             Necr           2%         N/A       78%         4
 Statue Form              Tmut/Erth      14%        N/A       91%         6
 Agony                    Necr           5%         N/A       98%         5
 Bolt of Magma            Conj/Fire/Erth 2%         4d4       98%         5
 Iskenderun's Battlesphe  Conj           5%         2d6       98%         5
 Iron Shot                Conj/Erth      2%         9d2       100%        6
 Orb of Destruction       Conj           2%         9d1       100%        7
 Spellforged Servitor     Conj/Summ      2%         N/A       100%        7


Dungeon Overview and Level Annotations

Branches:
Dungeon (10/15)            Temple (0/1) D:5           Sewer (visited)
Ossuary (visited)          Bailey (visited)
   Lair: D:8-11         Orc: D:9-12

Altars:
Ashenzari
Dithmenos
Gozag
Kikubaaqudgha
Ru
Vehumet
Wu Jian
Xom
Zin
The Shining One

Shops:
D:1 =   D:9 *


Innate Abilities, Weirdness & Mutations

You are a creature of crystalline ice.
You have a powerful freezing melee attack.
You are amphibious.
Your maximum health is increased.
Your armour is entirely melded.
You are incapable of wielding weapons or throwing items.
((You can breathe blasts of scalding, opaque steam.))
((Your pale cyan-grey scales are hard. (AC +7)))
You cannot fit into any form of body armour.
((You are cold-blooded and may be slowed by cold attacks.))
((You are immune to the effects of steam.))


Message History

You kill the yak!
The kobold brigand hits you but does no damage.
You barely miss the troll.
The shadow slips into darkness.
The shadow flickers and vanishes!
Deactivating autopickup; reactivate with Ctrl-A.
The kobold brigand hits you with a +0 club.
The troll closely misses you. The troll barely misses you. The troll claws you!
There are monsters nearby!
You pummel the troll!! You freeze the troll.
The troll is heavily wounded.
The kobold brigand hits you with a +0 club.
The troll closely misses you. The troll claws you! The troll barely misses you.
You are too injured to fight recklessly!
You are too injured to fight recklessly!
You are too injured to fight recklessly!
You are too injured to fight recklessly!
You are too injured to fight recklessly!
You punch the troll! You freeze the troll.
The troll is severely wounded.
The kobold brigand hits you but does no damage.
The troll bites you. The troll claws you! x2
The acid dragon roars!
You hit the troll. You freeze the troll.
The troll is almost dead.
The kobold brigand hits you with a +0 club.
The troll bites you.
* * * LOW HITPOINT WARNING * * *
The troll closely misses you. The troll claws you.
* * * LOW HITPOINT WARNING * * *
You hit the troll but do no damage.
The troll is almost dead.
The kobold brigand completely misses you.
The troll bites you!!
* * * LOW HITPOINT WARNING * * *
The troll barely misses you. The troll claws you.
* * * LOW HITPOINT WARNING * * *
The kobold brigand hits you but does no damage.
The troll bites you!
You die...

#.##.# #.##.#
#..<.#
..#####.#####
....>.......#
######..###.#
#.[# #.)#
#Y.# ....
#TK# ....
.{.# ....
....# ....
D.P..# ....
......# ....
.......# ....
........#
....


You could see a troll, an acid dragon and a kobold brigand.

Vanquished Creatures
  Josephine (D:10)
  3 two-headed ogres
  An orc knight (Bailey)
  Maggie (D:6)
  Psyche (D:9)
  An efreet (D:10)
  2 trolls
  Sigmund (D:2)
  A vampire (D:9)
  5 wraiths (D:10)
  2 yaks (D:10)
  A vampire mosquito (D:8)
  Menkaure (D:6)
  7 water moccasins
  3 orc warriors
  An ice beast (D:6)
  A sky beast (D:1)
  3 black bears
  A necrophage (D:5)
  3 ogres (D:6)
  3 centaurs
  A phantom (D:6)
  4 kobold brigands
  5 elf zombies (Ossuary)
  2 bullfrogs (D:10)
  A gnoll sergeant (D:10)
  7 scorpions
  7 killer bees (D:8)
  A wight (D:8)
  2 howler monkeys
  10 centaur zombies
  A bullfrog zombie (D:5)
  6 hounds
  4 orc priests
  A centaur skeleton (D:4)
  A gnoll shaman (D:7)
  2 human zombies (Ossuary)
  2 jellies
  8 iguanas
  Jessica (D:2)
  A bullfrog skeleton (D:7)
  2 orc wizards
  A killer bee zombie (D:8)
  3 mummies (Ossuary)
  2 howler monkey zombies
  11 gnolls
  6 river rats
  12 adders
  A shadow imp (D:6)
  An adder skeleton (D:4)
  5 worms
  2 dart slugs
  12 orcs
  11 ball pythons
  11 bats
  6 endoplasms
  4 giant cockroaches
  10 goblins
  12 hobgoblins
  18 jackals
  36 kobolds
  4 quokkas
  4 frilled lizards
  26 rats
310 creatures vanquished.

Vanquished Creatures (others)
  48 fungi (D:10)
  54 plants
102 creatures vanquished.

Grand Total: 412 creatures vanquished

Notes
Turn   | Place    | Note
-------+----------+-------------------------------------------
     0 | D:1      | kae the Draconian Transmuter began the quest for the Orb.
     0 | D:1      | Reached XP level 1. HP: 16/16 MP: 3/3
   138 | D:1      | Reached XP level 2. HP: 9/23 MP: 3/5
   796 | D:1      | Reached XP level 3. HP: 19/28 MP: 4/6
  1020 | D:1      | Found a faded altar of an unknown god.
  1025 | D:1      | Learned a level 3 spell: Spider Form
  1167 | D:1      | Found Wiohad's Jewellery Shoppe.
  1808 | D:2      | Noticed Sigmund
  1808 | D:2      | Noticed a sky beast
  1983 | D:1      | Killed a sky beast
  1984 | D:1      | Reached skill level 1 in Poison Magic
  1984 | D:1      | Reached XP level 4. HP: 21/36 MP: 4/7
  2565 | D:2      | Killed Sigmund
  2566 | D:2      | Reached skill level 4 in Unarmed Combat
  2566 | D:2      | Reached XP level 5. HP: 7/42 MP: 1/8
  2566 | D:2      | Reached XP level 6. HP: 8/49 MP: 1/9
  2916 | D:1      | Became a worshipper of Ashenzari the Shackled
  3383 | D:2      | Found an ancient bone altar of Kikubaaqudgha.
  3610 | D:2      | Noticed Jessica
  3618 | D:2      | Killed Jessica
  5281 | D:4      | Identified the +9 plate armour of the New World {*Slow
                  | +Blink rF+ Str+3}
  5448 | D:4      | Found a glowing drain.
  5501 | D:4      | Your scales start taking on a pale cyan-grey colour.
  5501 | D:4      | Reached XP level 7. HP: 49/56 MP: 5/11
  5501 | D:4      | Gained mutation: You are immune to the effects of steam.
                  | [Pale Draconian growth]
  5523 | Sewer    | Entered a sewer
  5625 | Sewer    | Reached skill level 5 in Unarmed Combat
  6031 | Sewer    | Learned a level 4 spell: Ice Form
  6375 | D:4      | Reached skill level 5 in Transmutations
  6530 | D:4      | Reached skill level 1 in Ice Magic
  6726 | D:4      | Reached XP level 8. HP: 63/63 MP: 10/13
  6803 | D:4      | Reached * piety under Ashenzari
  6822 | D:5      | Entered Level 5 of the Dungeon
  6863 | D:5      | Found a shimmering altar of Xom.
  7156 | D:5      | Found a staircase to the Ecumenical Temple.
  7354 | D:5      | Reached skill level 6 in Unarmed Combat
  7735 | D:6      | Found an opulent altar of Gozag.
  8043 | D:6      | Noticed Maggie
  8063 | D:6      | Killed Maggie
  8064 | D:6      | Reached XP level 9. HP: 41/72 MP: 13/15
  8161 | D:6      | Identified the +2 robe of Culu {rElec}
  8190 | D:6      | Identified a scroll of acquirement
  8251 | D:6      | Found a large runed translucent door.
  8252 | D:6      | Found a large runed translucent door.
  8608 | D:6      | Noticed Menkaure
  8646 | D:6      | Killed Menkaure
  8647 | D:6      | Reached skill level 7 in Unarmed Combat
  9069 | D:6      | Found an ornate altar of the Wu Jian Council.
  9074 | D:6      | Found a sacrificial altar of Ru.
  9076 | D:6      | Acquired 865 gold pieces
  9182 | D:7      | Reached skill level 5 in Fighting
  9619 | D:7      | Found a sand-covered staircase.
  9623 | Ossuary  | Entered an ossuary
  9740 | Ossuary  | Reached skill level 5 in Spellcasting
  9933 | D:7      | Reached skill level 8 in Unarmed Combat
 10214 | D:8      | Reached skill level 5 in Dodging
 10214 | D:8      | Reached XP level 10. HP: 80/82 MP: 17/17
 10279 | D:8      | Found a shadowy altar of Dithmenos.
 10568 | D:8      | Found a flagged portal.
 10594 | Bailey   | Entered a bailey
 10768 | Bailey   | Noticed an orc knight
 10837 | Bailey   | Killed an orc knight
 10889 | Bailey   | Found the +8 glaive of the Guard {elec, spectral, AC+5}
 10889 | Bailey   | Found a bloodstained altar of Trog.
 11131 | D:8      | Noticed a two-headed ogre
 11167 | D:8      | Killed a two-headed ogre
 11367 | D:8      | Reached skill level 9 in Unarmed Combat
 11596 | D:8      | Found a glowing golden altar of the Shining One.
 11835 | D:9      | Found a radiant altar of Vehumet.
 11842 | D:9      | Noticed a two-headed ogre
 11843 | D:9      | Noticed Psyche
 11865 | D:9      | Killed Psyche
 11874 | D:9      | Killed a two-headed ogre
 11991 | D:9      | Identified the -4 helmet of Lehewer {Rampage Will+}
 12083 | D:9      | Identified the +4 ring mail "Puawuov" {*Corrode Int-3
                  | Dex+10}
 12181 | D:9      | Found Zin's Purification Station.
 12184 | D:9      | Found a glowing silver altar of Zin.
 12526 | D:10     | Entered Level 10 of the Dungeon
 12558 | D:10     | Reached XP level 11. HP: 91/91 MP: 15/20
 12630 | D:10     | Noticed a two-headed ogre
 12635 | D:10     | Killed a two-headed ogre
 12768 | D:10     | Noticed Josephine
 12776 | D:10     | Killed Josephine
 12785 | D:10     | Reached skill level 10 in Unarmed Combat
 12960 | D:10     | Learned a level 5 spell: Hydra Form
 12962 | D:10     | Learned a level 1 spell: Summon Small Mammal
 12970 | D:10     | Learned a level 7 spell: Dragon Form
 13004 | D:10     | HP: 4/110 [troll (6)]
 13004 | D:10     | Mangled by a troll

Illustrated notes

Levels and vault maps discovered:
D:1:      arrival_zaba_pyramid, layout_basic, serial_shops,
          nicolae_shop_window_shopping, hellmonk_ecumenical_altar_inner_sanctum,
          chequers_serial_rivers_large_a, serial_bayou_pond_c
D:2:      layout_basic, basic_altar, uniq_sigmund, uniq_jessica
D:3:      layout_basic, minmay_ruptured
D:4:      layout_rooms, portal_sewer_entry_a
D:5:      layout_basic, xom_teletrap_fun, minmay_temple_entry_arrows,
          kennysheep_crisscross
D:6:      layout_cave_pods, nicolae_gozag_seed_capital, jmf_multi_god_temple2,
          grunt_decor_resistance, uniq_maggie, uniq_menkaure
D:7:      layout_basic, enter_ossuary_5, minmay_misc_feat_roman,
          kennysheep_pointless_box
D:8:      old_forge, layout_basic, tso_oasis_becter, lemuel_tele_altar,
          enter_bailey_4, chequers_serial_rivers_micro_e, minmay_manual_mess
D:9:      layout_roguey, zin_purify, lemuel_crystal_altar, uniq_psyche
D:10:     layout_loops_ring, nicolae_uskayaw_dance_studio,
          due_lair_maze_entry_diamond, grunt_ogre_cave,
          onia_ninara_dug_in_and_dangerous, uniq_josephine, uniq_harold

Skill      XL: |  1  2  3  4  5  6  7  8  9 10 11 |
---------------+----------------------------------+-----
Dodging        | 2 3 4 5 6 |  6.4
Fighting       | 2 3 4 5 6 7 |  7.4
Transmutations | 3 4 5 6 7 9 |  9.9
Poison Magic   | 1 2 |  2.0
Unarmed Combat | 4 5 6 8 9 10 | 10.1
Spellcasting   | 3 4 5 6 |  6.5
Ice Magic      | 1 3 |  3.0

Action                   |  1- 3 |  4- 6 |  7- 9 | 10-12 || total
-------------------------+-------+-------+-------+-------++-------
Melee: Unarmed           |   129 |   118 |   373 |   183 ||   803
       Kick              |    19 |     1 |       |       ||    20
       Headbutt          |    11 |     1 |       |       ||    12
       Tailslap          |    14 |     4 |     6 |       ||    24
       Punch             |     1 |       |     2 |       ||     3
 Cast: Beastly Appendage |    23 |     1 |     1 |       ||    25
       Spider Form       |     1 |    25 |    40 |       ||    66
       Ice Form          |       |       |    14 |    26 ||    40
Invok: Curse Item        |       |     1 |     1 |       ||     2
 Abil: Breathe Steam     |       |       |     6 |    10 ||    16
       End Transformatio |       |       |     1 |       ||     1
  Use: Scroll            |     1 |     3 |     1 |     1 ||     6
       Potion            |       |       |     1 |       ||     1
 Stab: Sleeping          |       |       |     1 |       ||     1
       Held in net/web   |       |       |       |     1 ||     1
Armor: Skin              |    75 |    24 |    45 |    61 ||   205
Dodge: Dodged            |   122 |   109 |   310 |   144 ||   685

Table legend: (Time is in decaauts)
 A = Elapsed time spent in this place.
 B = Non-inter-level travel time spent in this place.
 C = Inter-level travel time spent in this place.
 D = Time resting spent in this place.
 E = Time spent auto-exploring this place.
 F = Levels seen in this place.
 G = Mean time per level.
                   A        B        C        D        E       F      G
               +--------+--------+--------+--------+--------+-----+--------+
         Total |  12958 |  12534 |    424 |    377 |   9952 |  13 |  996.8 |
       Dungeon |  11616 |  11192 |    424 |    297 |   9210 |  10 | 1161.6 |
         Sewer |    812 |    812 |      0 |      0 |    562 |   1 |  812.0 |
       Ossuary |    213 |    213 |      0 |      0 |    134 |   1 |  213.0 |
        Bailey |    315 |    315 |      0 |     80 |     46 |   1 |  315.0 |
               +--------+--------+--------+--------+--------+-----+--------+

Top non-repeatable levels by time:
     D:1: 2455 daAuts
     D:3: 1649 daAuts
     D:6: 1340 daAuts
     D:2: 1308 daAuts
     D:8: 1306 daAuts
     D:5: 920 daAuts
     D:7: 832 daAuts
   Sewer: 812 daAuts
     D:9: 722 daAuts
     D:4: 591 daAuts
    D:10: 490 daAuts
  Bailey: 315 daAuts
 Ossuary: 213 daAuts
